 Dungeon Crawl Stone Soup version 0.28-a0-662-g1651b1f1e0 (webtiles) character file.

Game seed: 8853365756372355015

1473 bande the Covered (level 8, -1/50 HPs)
             Began as a Gargoyle Fighter on Oct 14, 2021.
             Was an Initiate of Okawaru.
             Slain by a phantom (7 damage)
             ... on level 6 of the Dungeon.
             The game lasted 00:10:17 (8346 turns).

bande the Covered (Gargoyle Fighter)                Turns: 8346, Time: 00:10:17

Health: -1/50      AC: 13    Str: 20    XL:     8   Next: 78%
Magic:  9/9        EV:  9    Int: 10    God:    Okawaru [......]
Gold:   241        SH:  5    Dex: 10    Spells: 7/7 levels left

rFire   . . .      SeeInvis .   g - +1 war axe (venom)
rCold   + . .      Faith    .   c - +1 buckler
rNeg    + . .      Spirit   .   b - +0 scale mail
rPois   ∞          Reflect  .   (no helmet)
rElec   +          Harm     .   (no cloak)
rCorr   +          Rampage  .   (no gloves)
Will    .....      Clarity  +   (no boots)
Stlth   ..........              (no amulet)
HPRegen 0.16/turn               f - ring of resist corrosion
MPRegen 0.11/turn               i - ring of protection from cold

@: no status effects
A: sickness immunity, AC +5, negative energy resistance 1, electricity
resistance, torment resistance 1, petrification resistance, clarity
a: Renounce Religion


You were on level 6 of the Dungeon.
You worshipped Okawaru.
Okawaru was noncommittal.
You visited 2 branches of the dungeon, and saw 7 of its levels.
You also visited: Sewer.

You collected 241 gold pieces.

Inventory:

Hand Weapons
 a - a +0 war axe
 g - a +1 war axe of venom (weapon)
 o - a +2 flail of protection
Armour
 b - a +0 scale mail (worn)
 c - a +1 buckler (worn)
Jewellery
 f - a ring of resist corrosion (left hand)
 i - a ring of protection from cold (right hand)
Wands
 e - a wand of iceblast (12)
 n - a wand of acid (11)
Scrolls
 h - a scroll of amnesia
 k - a scroll of magic mapping
 l - a scroll of fog
 p - a scroll of identify
 q - a scroll of enchant weapon {unknown}
Potions
 d - a potion of flight


   Skills:
 + Level 5.5 Fighting
 + Level 6.7 Axes
 + Level 6.7 Armour
 - Level 0.2 Stealth
 + Level 4.8 Shields
 * Level 2.0 Invocations


You had 7 spell levels left.
You didn't know any spells.
Your spell library contained the following spells:

 Spells                   Type           Power      Damage    Failure   Level
 Apportation              Tloc           0%         N/A       69%         1
 Magic Dart               Conj           0%         1d3       69%         1
 Mephitic Cloud           Conj/Pois/Air  0%         N/A       96%         3
 Animate Skeleton         Necr           Unusable   N/A       N/A         1
 Summon Small Mammal      Summ           Unusable   N/A       N/A         1
 Call Imp                 Summ           Unusable   N/A       N/A         2

Dungeon Overview and Level Annotations

Branches:
Dungeon (6/15)             Temple (1/1) D:5           Sewer (visited)

Altars:
Makhleb
Okawaru
Sif Muna
Uskayaw


Innate Abilities, Weirdness & Mutations

You are immune to sickness and miasma.
Your stone body is resilient. (AC +5)
You are immune to poison.
You resist negative energy. (rN+)
You are resistant to electric shocks. (rElec)
You are resistant to unholy torment.
You are immune to petrification.
You possess an exceptional clarity of mind.


Message History

The centaur shoots an arrow.
The arrow barely misses you.
The phantom hits you but does no damage.
The centaur shoots an arrow.
You block the arrow.
You barely miss the phantom.
The phantom is moderately damaged.
You block the phantom's attack.
The centaur shoots an arrow.
The arrow hits you but does no damage. You block the phantom's attack.
You slash the phantom!
The phantom is heavily damaged.
The centaur shoots an arrow.
The arrow hits you!
The centaur shoots an arrow.
You block the arrow. The phantom hits you!
* * * LOW HITPOINT WARNING * * *
The phantom blinks!
You blink.
You are too injured to fight recklessly!
You are too injured to fight recklessly!
You are too injured to fight recklessly!
You are too injured to fight recklessly!
Unknown command.
You can't go up here!
You barely miss the phantom.
The phantom is heavily damaged.
The phantom barely misses you.
You closely miss the phantom.
The phantom is heavily damaged.
The phantom hits you but does no damage.
The centaur shoots an arrow.
The arrow hits you.
* * * LOW HITPOINT WARNING * * *
You barely miss the phantom.
The phantom is heavily damaged.
The centaur shoots an arrow.
You block the arrow. The phantom hits you.
* * * LOW HITPOINT WARNING * * *
The phantom blinks!
You blink.
You hit the phantom.
The phantom is heavily damaged.
The phantom barely misses you.
The phantom hits you but does no damage.
You closely miss the phantom.
The phantom is heavily damaged.
The phantom hits you!
You die...

..........#c)...##
........####...##
###.##..# #..##
....##..## #..#
###.##...###.)#
....##........#
#...##....###.#
.^..##..#.#.#.#####.#
....##..#.....cW@...#
....##.......<#######
.##.##........#
###....#......### #
####....###...#
######.#..# ###.# ..
......###.# ###.# #.
######.#.## #...# #.
##.## #.### #.


You could see a phantom and a centaur.

Vanquished Creatures
  Sigmund (D:2)
  Menkaure (D:6)
  3 ogres
  2 centaurs
  3 kobold brigands (Sewer)
  A scorpion (D:6)
  A howler monkey (D:6)
  An orc priest (D:4)
  3 hounds
  A bullfrog skeleton (D:5)
  Jessica (D:2)
  An iguana (D:6)
  An orc wizard (D:5)
  9 adders
  6 river rats
  An ufetubus (D:5)
  2 worms
  2 dart slugs
  10 orcs
  3 bats (D:2)
  10 endoplasms
  4 giant cockroaches
  4 goblins
  2 hobgoblins
  3 jackals (D:1)
  12 kobolds
  3 quokkas
  14 ball pythons
  5 frilled lizards
  14 rats
124 creatures vanquished.

Notes
Turn   | Place    | Note
-------+----------+-------------------------------------------
     0 | D:1      | bande the Gargoyle Fighter began the quest for the Orb.
     0 | D:1      | Reached XP level 1. HP: 14/14 MP: 1/1
   640 | D:1      | Found a faded altar of an unknown god.
   936 | D:1      | Reached XP level 2. HP: 16/19 MP: 2/2
  1326 | D:2      | Reached XP level 3. HP: 23/23 MP: 3/3
  1674 | D:2      | Noticed Jessica
  1685 | D:2      | Killed Jessica
  1686 | D:2      | Reached XP level 4. HP: 14/29 MP: 4/4
  2268 | D:2      | Noticed Sigmund
  2275 | D:2      | Killed Sigmund
  2276 | D:2      | Reached XP level 5. HP: 14/33 MP: 5/5
  2276 | D:2      | Reached XP level 6. HP: 17/38 MP: 6/6
  2944 | D:3      | Found a shimmering blue altar of Sif Muna.
  3694 | D:4      | Reached skill level 5 in Armour
  3787 | D:4      | Reached XP level 7. HP: 38/44 MP: 7/7
  4068 | D:4      | Reached skill level 5 in Axes
  4094 | D:4      | Found a glowing drain.
  4108 | Sewer    | Entered a sewer
  4952 | Sewer    | Reached skill level 5 in Fighting
  5166 | Sewer    | Reached XP level 8. HP: 39/49 MP: 8/8
  5845 | D:5      | Entered Level 5 of the Dungeon
  6281 | D:5      | Found a staircase to the Ecumenical Temple.
  6301 | D:5      | Found a hide-covered altar of Uskayaw.
  6375 | D:5      | Gained mutation: You possess an exceptional clarity of
                  | mind. [potion of mutation]
  6872 | Temple   | Entered the Ecumenical Temple
  6880 | Temple   | Became a worshipper of Warmaster Okawaru
  7184 | D:6      | Reached skill level 1 in Invocations
  7885 | D:6      | Noticed Menkaure
  7900 | D:6      | Killed Menkaure
  7917 | D:6      | HP: 2/50 [centaur/arrow (3)]
  8346 | D:6      | Slain by a phantom

Illustrated notes

Levels and vault maps discovered:
D:1:      evilmike_arrival_rings, layout_basic,
          hellmonk_ecumenical_altar_crossroads
D:2:      layout_loops_corners, minmay_splitting_lines, kennysheep_flooded_box,
          uniq_jessica, uniq_sigmund
D:3:      layout_loops_corners, lemuel_blue_sif_altar, chequers_big_river,
          minmay_shallow_snake_nest
D:4:      layout_cave_pods, serial_rivers, chequers_serial_rivers_micro_c,
          chequers_serial_rivers_marsh, chequers_serial_rivers_micro_d,
          chequers_serial_rivers_micro_e, portal_sewer_entry_e
D:5:      layout_cave_pods, mainiacjoe_overflow_surrounded_room,
          minmay_temple_entry_enclosed_plants, grunt_decor_mini_mirrors,
          minmay_misc_feat_room, minmay_misc_feat_alley, minmay_misc_feat_iff
D:6:      nicolae_whirlpool, layout_loops_ring, uniq_menkaure
Temple:   dpeg_chambers_temple

Skill      XL: |  1  2  3  4  5  6  7  8 |
---------------+-------------------------+-----
Axes           | 2 3 4 5 6 |  6.7
Armour         | 4 5 6 |  6.7
Fighting       | 4 5 |  5.5
Shields        | 4 |  4.8
Invocations    | 2 |  2.0
Stealth        | |  0.2

Action                   |  1- 3 |  4- 6 |  7- 9 || total
-------------------------+-------+-------+-------++-------
Melee: War axe           |   100 |    71 |   245 ||   416
  Use: Scroll            |     2 |     5 |     4 ||    11
       Potion            |       |     3 |     3 ||     6
Armor: Scale mail        |    57 |    54 |   120 ||   231
Dodge: Dodged            |    64 |    44 |    96 ||   204
Block: Buckler           |    22 |    24 |    60 ||   106

Table legend: (Time is in decaauts)
 A = Elapsed time spent in this place.
 B = Non-inter-level travel time spent in this place.
 C = Inter-level travel time spent in this place.
 D = Time resting spent in this place.
 E = Time spent auto-exploring this place.
 F = Levels seen in this place.
 G = Mean time per level.
                   A        B        C        D        E       F      G
               +--------+--------+--------+--------+--------+-----+--------+
         Total |   8607 |   8520 |     87 |   1404 |   5690 |   8 | 1075.9 |
       Dungeon |   7267 |   7180 |     87 |   1199 |   4834 |   6 | 1211.2 |
        Temple |     16 |     16 |      0 |      0 |      0 |   1 |   16.0 |
         Sewer |   1323 |   1323 |      0 |    205 |    855 |   1 | 1323.0 |
               +--------+--------+--------+--------+--------+-----+--------+

Top non-repeatable levels by time:
     D:5: 1433 daAuts
     D:2: 1389 daAuts
   Sewer: 1323 daAuts
     D:1: 1207 daAuts
     D:3: 1155 daAuts
     D:6: 1047 daAuts
     D:4: 1034 daAuts
  Temple: 16 daAuts
